 Dungeon Crawl Stone Soup version 0.26.1-11-gd32895ea62 (webtiles) character file.

Game seed: 6868597355707540048

143 Zeld the Spear-Bearer (level 5, -1/41 HPs)
             Began as a Merfolk Monk on May 27, 2021.
             Killed by divine providence
             ... invoked by an orc priest
              (11 damage)
             ... on level 4 of the Dungeon.
             The game lasted 00:05:08 (3035 turns).

Zeld the Spear-Bearer (Merfolk Monk)                Turns: 3035, Time: 00:05:09

Health: -1/41      AC:  2    Str: 12    XL:     5   Next: 25%
Magic:  5/5        EV: 14    Int: 10    God:
Gold:   135        SH:  0    Dex: 16    Spells: 4/4 levels left

rFire    . . .     SeeInvis .   a - +0 spear
rCold    . . .     Faith    .   (no shield)
rNeg     . . .     Spirit   .   b - +0 robe
rPois    .         Reflect  .   (no helmet)
rElec    .         Harm     .   (no cloak)
rCorr    .         Rampage  .   (no gloves)
Will     .....                  (no boots)
Stlth    ++........             (no amulet)
HPRegen  0.13/turn              (no ring)
MPRegen  0.09/turn              (no ring)

@: no status effects
A: change form in water, swift swim, stealthy swim
a: no special abilities


You were on level 4 of the Dungeon.
You visited 1 branch of the dungeon, and saw 4 of its levels.

You collected 135 gold pieces.

Inventory:

Hand Weapons
 a - a +0 spear (weapon)
Missiles
 k - 2 javelins
Armour
 b - a +0 robe (worn)
Scrolls
 c - 2 scrolls of enchant armour {unknown}
 d - a scroll of remove curse {unknown}
 e - 2 scrolls of teleportation {unknown}
 f - a scroll of blinking {unknown}
 i - 2 scrolls of identify {unknown}
 j - a scroll of fog {unknown}
 m - a scroll of fear {unknown}
 n - a scroll of immolation {unknown}
Potions
 g - a potion of resistance {unknown}
 h - a potion of mutation {unknown}
 l - a potion of cancellation {unknown}
 o - a potion of haste {unknown}


   Skills:
 - Level 3.2 Fighting
 * Level 8.4 Polearms
 - Level 4.0 Dodging
 - Level 2.1 Stealth


You had 4 spell levels left.
You didn't know any spells.
Your spell library was empty.

Dungeon Overview and Level Annotations

Branches:
Dungeon (4/15)
 Temple: D:4-7

Altars:
Dithmenos
Fedhas
Kikubaaqudgha


Message History

Found a sapphire potion.
There is an escape hatch in the floor here.
A giant cockroach and an orc come into view.
The orc shouts!
An orc priest comes into view. It is wielding a +0 trident.
An orc comes into view. It is wielding a +0 falchion.
The orc priest shouts!
The orc shouts!
An orc comes into view. It is wielding a +0 club.
An orc comes into view. It is wielding a +0 mace.
Found a stone staircase leading down.
You see here a rapier.
The quokka misses you. The giant cockroach closely misses you.
The orc throws a boomerang.
The boomerang closely misses you.
The weapon returns to the orc!
The orc throws a boomerang.
The boomerang misses you.
The weapon returns to the orc!
The giant cockroach barely misses you.
The orc priest mumbles some strange prayers to Beogh against you.
Beogh smites you!
You die...

o........# #.....o..
####.....# #..........
#........#
#.........###
#.#......#
#....oo.....
#.#......#
#.o.!.....##
.......#.###..o...>...
..#.#.##o.oo....o....
###<#...o.##.O....#
####......###..r@##
...........###.B##
####........#####
#.##......#
#.##......#
#.##.....##
#.##....###.
#.##...###..
#.##.#.##..


You could see an ogre, an orc priest, 6 orcs, a quokka and a giant cockroach.

Vanquished Creatures
  An orc wizard (D:4)
  An orc priest (D:3)
  A worker ant (D:4)
  An adder (D:2)
  A worm (D:2)
  2 dart slugs (D:1)
  A leopard gecko (D:1)
  2 ball pythons
  4 bats
  8 giant cockroaches
  7 goblins
  6 hobgoblins
  A quokka (D:3)
  5 frilled lizards
  3 kobolds
44 creatures vanquished.

Vanquished Creatures (others)
  19 plants (D:4)
19 creatures vanquished.

Grand Total: 63 creatures vanquished

Notes
Turn   | Place    | Note
-------+----------+-------------------------------------------
     0 | D:1      | Zeld the Merfolk Monk began the quest for the Orb.
     0 | D:1      | Reached XP level 1. HP: 18/18 MP: 1/1
   223 | D:1      | Reached skill level 5 in Polearms
   225 | D:1      | Reached XP level 2. HP: 16/24 MP: 2/2
   704 | D:1      | Reached skill level 6 in Polearms
   704 | D:1      | Reached XP level 3. HP: 29/29 MP: 3/3
  1261 | D:2      | Found an ancient bone altar of Kikubaaqudgha.
  1261 | D:2      | Found a blossoming altar of Fedhas.
  1441 | D:2      | Found a shadowy altar of Dithmenos.
  2209 | D:3      | Reached XP level 4. HP: 35/35 MP: 4/4
  2348 | D:3      | Reached skill level 7 in Polearms
  2918 | D:4      | Reached skill level 8 in Polearms
  2918 | D:4      | Reached XP level 5. HP: 6/41 MP: 5/5
  2922 | D:4      | Noticed an ogre
  3035 | D:4      | Killed from afar by an orc priest

Illustrated notes

Levels and vault maps discovered:
D:1:      kilobyte_arrival_exit_the_forest, layout_basic, minmay_tromino_i4
D:2:      layout_basic, grunt_temple_overflow_growth_and_decay,
          grunt_dithmenos_smoke
D:3:      layout_loops_cross, wander_ebering_terrifying_dragon_lair
D:4:      layout_basic, serial_bayou, serial_bayou_ford_a, serial_bayou_shore_a,
          serial_bayou_pond_c, serial_bayou_pond_c, portal_sewer_entry_e,
          minivault_19, minmay_misc_feat_alley

Skill      XL: |  1  2  3  4 |
---------------+-------------+-----
Polearms       | 5 6 8 |  8.4
Fighting       | |  3.2
Dodging        | |  4.0
Stealth        | |  2.1

Action                   |  1- 3 |  4- 6 || total
-------------------------+-------+-------++-------
Melee: Spear             |   137 |    81 ||   218
       Tailslap          |       |     5 ||     5
 Stab: Sleeping          |     8 |       ||     8
Armor: Robe              |    10 |     7 ||    17
Dodge: Dodged            |    49 |    46 ||    95
